 Dungeon Crawl Stone Soup version 0.28.0-53-g5a82cb258f (webtiles) character file.

Game seed: 2955687975317231012

114 MiltankisOP the Skirmisher (level 4, -3/39 HPs)
             Began as a Barachi Fighter on June 15, 2022.
             Killed by divine providence
             ... invoked by an orc priest
              (13 damage)
             ... on level 3 of the Dungeon.
             The game lasted 00:03:10 (2104 turns).

MiltankisOP the Skirmisher (Barachi Fighter)        Turns: 2104, Time: 00:03:10

Health: -3/39      AC:  8    Str: 19    XL:     4   Next: 97%
Magic:  4/4        EV: 13    Int:  8    God:
Gold:   127        SH:  4    Dex: 12    Spells: 3/3 levels left

rFire   . . .      SeeInvis .   a - +0 long sword
rCold   . . .      Faith    .   c - +0 buckler
rNeg    . . .      Spirit   .   b - +0 scale mail
rPois   .          Reflect  .   (no helmet)
rElec   .          Harm     .   (no cloak)
rCorr   .          Rampage  .   j - +0 pair of gloves
Will    .....                   (no boots)
Stlth   ..........              (no amulet)
HPRegen 0.13/turn               l - +4 ring of evasion
MPRegen 0.09/turn               (no ring)

@: slow
A: amphibious, slowness 1, strong legs 1, +LOS
a: Hop


You were on level 3 of the Dungeon.
You visited 1 branch of the dungeon, and saw 3 of its levels.

You collected 127 gold pieces.

Inventory:

Hand Weapons
 a - a +0 long sword (weapon)
Missiles
 i - a throwing net
Armour
 b - a +0 scale mail (worn)
 c - a +0 buckler (worn)
 j - a +0 pair of gloves (worn)
Jewellery
 l - a +4 ring of evasion (left hand)
 p - a ring of resist corrosion
Scrolls
 f - a scroll of immolation {unknown}
 h - a scroll of noise {unknown}
 m - 2 scrolls of teleportation {unknown}
 o - a scroll of blinking {unknown}
Potions
 d - a potion of might
 e - a potion of curing {unknown}
 g - a potion of magic {unknown}
 k - a potion of attraction {unknown}
 n - a potion of invisibility {unknown}


   Skills:
 + Level 5.3 Fighting
 + Level 4.5 Long Blades
 - Level 3.6 Armour
 - Level 3.2 Shields


You had 3 spell levels left.
You didn't know any spells.
Your spell library contained the following spells:

 Spells                   Type           Power      Damage    Failure   Level
 Beastly Appendage        Tmut           0%         N/A       86%         1
 Summon Small Mammal      Summ           0%         N/A       86%         1
 Wereblood                Tmut           0%         N/A       95%         2
 Call Canine Familiar     Summ           0%         N/A       99%         3
 Spider Form              Tmut/Pois      0%         N/A       99%         3
 Summon Guardian Golem    Hex/Summ       0%         N/A       99%         3


Dungeon Overview and Level Annotations

Branches:
Dungeon (3/15)

Altars:


Innate Abilities, Weirdness & Mutations

You are amphibious.
You cover ground slowly.
You can hop short distances.
You have an extended range of vision and can be seen from far away.


Message History

A jackal comes into view.
The ball python bites you but does no damage.
The ball python constricts you.
You closely miss the ball python.
The jackal barks!
You hear an angry hiss.
The ball python bites you. The ball python constricts you.
An orc comes into view. It is wielding a +0 short sword.
The orc shouts!
You hit the ball python.
The ball python is moderately wounded.
The ball python barely misses you. The ball python constricts you.
The jackal bites you but does no damage.
The ball python bites you but does no damage.
The ball python constricts you.
You completely miss the ball python.
The ball python is moderately wounded.
The jackal barely misses you.
The ball python bites you but does no damage.
The ball python constricts you.
The jackal bites you but does no damage.
You slash the ball python!
You kill the ball python!
The jackal bites you but does no damage.
The jackal completely misses you. The jackal bites you.
The jackal closely misses you.
A ball python comes into view.
The jackal bites you but does no damage.
The jackal bites you but does no damage. x3
The jackal closely misses you.
The jackal bites you but does no damage.
The jackal barely misses you. The jackal misses you.
The orc priest miscasts a cantrip.
The jackal bites you but does no damage.
The orc priest invokes the aid of Beogh against you.
Beogh smites you!
* * * LOW HITPOINT WARNING * * *
The orc priest calls down the wrath of Beogh upon you.
Beogh smites you!
You die...

!....................
#.B##...####.###..... #
#..(................. #
..###.o.#.....##.##### #
#...#.....##.....# #
##.##...#.o...##.###.# #####
.........o.BShh..# #.# #####....
...##....###..o..###.####..##.<..
..........o..hh.@..........##....
.........#.#####.###.####..######
........##.# #.# #.# #..######
...##..### #.###.# #.# #......##
... .... ..... #.# #......## ##
.#.. #..##.####......## ..#..
#...........#...##
#..##.#####.#.###.
#.................


You could see an orc priest, 3 orcs, 4 jackals, a giant cockroach and a ball
python.

Vanquished Creatures
  4 gnolls (D:3)
  An adder (D:3)
  A dart slug (D:1)
  An orc (D:3)
  5 endoplasms
  4 giant cockroaches
  5 goblins
  7 hobgoblins
  6 jackals
  3 kobolds
  3 quokkas
  6 ball pythons
  4 bats (D:1)
  2 frilled lizards
  4 rats
56 creatures vanquished.

Notes
Turn   | Place    | Note
-------+----------+-------------------------------------------
     0 | D:1      | MiltankisOP the Barachi Fighter began the quest for the
                  | Orb.
     0 | D:1      | Reached XP level 1. HP: 18/18 MP: 1/1
   204 | D:1      | Reached skill level 4 in Fighting
   204 | D:1      | Reached XP level 2. HP: 23/25 MP: 2/2
   504 | D:1      | Reached XP level 3. HP: 31/31 MP: 3/3
  1417 | D:2      | Reached XP level 4. HP: 38/38 MP: 4/4
  1856 | D:3      | Reached skill level 5 in Fighting
  2104 | D:3      | Killed from afar by an orc priest

Illustrated notes

Levels and vault maps discovered:
D:1:      nzn_arrival_depleted_hourglass, layout_basic, minmay_fountain_box
D:2:      layout_basic, minmay_misc_feat_roman
D:3:      layout_basic, nicolae_elevator_lobby_plus

Skill      XL: |  1  2  3  4 |
---------------+-------------+-----
Fighting       | 4 5 |  5.3
Long Blades    | 3 4 |  4.5
Armour         | |  3.6
Shields        | |  3.2

Action                   |  1- 3 |  4- 6 || total
-------------------------+-------+-------++-------
Melee: Long sword        |   151 |    41 ||   192
Armor: Scale mail        |    72 |    21 ||    93
Dodge: Dodged            |    92 |    38 ||   130
Block: Buckler           |    46 |    10 ||    56
